 Dungeon Crawl Stone Soup version 0.29.1-15-g9cfb28693d (webtiles) character file.

Game seed: 7011311738823889723

4502 bnorton916 the Eclecticist (level 10, -4/50 HPs)
             Began as a Deep Elf Fire Elementalist on Feb 23, 2023.
             Was a Follower of Vehumet.
             Slain by a two-headed ogre
             ... wielding a +0 giant spiked club
              (22 damage)
             ... on level 7 of the Dungeon.
             The game lasted 00:23:22 (14953 turns).

bnorton916 the Eclecticist (DEFE)                  Turns: 14953, Time: 00:23:24

Health: -4/50      AC: 18    Str:  7    XL:     10   Next: 16%
Magic:  23/32      EV: 12    Int: 23    God:    Vehumet [*.....]
Gold:   242        SH:  7    Dex: 15    Spells: 29/42 levels left

rFire   + + .      SeeInvis .   (no weapon)
rCold   x . .      Faith    .   t - +2 buckler
rNeg    + . .      Spirit   .   N - +3 steam dragon scales of Lekeyvo {rElec rF+ rN+ Slay-2}
rPois   .          Reflect  .   (no helmet)
rElec   +          Harm     .   B - +2 cloak {rCorr}
rCorr   +          Rampage  .   H - +0 pair of gloves
Will    +....                   e - +0 pair of boots
Stlth   ++........              r - amulet of the acrobat
HPRegen 0.16/turn               n - ring of fire
MPRegen 0.23/turn               c - +4 ring of protection

@: no status effects
A: no striking features
a: Renounce Religion


You were on level 7 of the Dungeon.
You worshipped Vehumet.
Vehumet was aware of your devotion.
You visited 2 branches of the dungeon, and saw 9 of its levels.
You also visited: Bailey.

You collected 386 gold pieces.
You spent 144 gold pieces at shops.

Inventory:

Hand Weapons
 q - a +0 hand axe of draining
 x - a +0 dagger of electrocution
 y - a +0 dagger of venom
 D - a +2 dagger of protection
 L - the +9 trident "Ziopemewn" {vorpal, rC++}
   (You found it on level 6 of the Dungeon)

   It inflicts extra damage upon your enemies.
   rC:        It greatly protects you from cold.
 M - a +6 trident of venom
Armour
 a - +0 acid dragon scales
 e - a +0 pair of boots (worn)
 t - a +2 buckler (worn)
 B - a +2 cloak of preservation (worn)
 E - a +1 leather armour of cold resistance
 H - a +0 pair of gloves (worn)
 N - the +3 steam dragon scales of Lekeyvo (worn) {rElec rF+ rN+ Slay-2}
   (You took it off a spriggan in a bailey)

   Slay:      It affects your accuracy & damage with ranged weapons and melee
   (-2).
   rF:        It protects you from fire.
   rElec:     It insulates you from electricity.
   rN:        It protects you from negative energy.
Jewellery
 c - a +4 ring of protection (right hand)
 i - an amulet of regeneration
 n - a ring of fire (left hand)
 r - an amulet of the acrobat (around neck)
Wands
 C - a wand of flame (17)
 J - a wand of polymorph (3)
Scrolls
 g - 2 scrolls of teleportation
 k - 4 scrolls of fog
 l - a scroll of immolation
 m - a scroll of magic mapping {unknown}
 s - a scroll of poison
 w - a scroll of summoning {unknown}
 F - 2 scrolls of blinking
 I - a scroll of fear
 K - a scroll of brand weapon {unknown}
 O - 2 scrolls of acquirement {unknown}
 P - a scroll of enchant weapon {unknown}
Potions
 b - 4 potions of magic
 d - 2 potions of attraction {unknown}
 f - 4 potions of might
 h - 2 potions of mutation {unknown}
 j - a potion of ambrosia {unknown}
 o - 2 potions of curing {unknown}
 p - a potion of berserk rage {unknown}
 v - a potion of heal wounds {unknown}
 z - a potion of degeneration {unknown}
 A - 2 potions of lignification {unknown}
 G - a potion of cancellation {unknown}
Miscellaneous
 u - a phantom mirror


   Skills:
 - Level 4.0 Armour
 - Level 2.4 Dodging
 - Level 2.4 Stealth
 - Level 4.0 Shields
 - Level 16.8 Spellcasting
 + Level 6.2 Conjurations
 + Level 7.0 Fire Magic
 - Level 2.0 Air Magic
 - Level 2.0 Poison Magic


You had 29 spell levels left.
You knew the following spells:

 Your Spells              Type           Power      Damage    Failure   Level
a - Foxfire               Conj/Fire      100%       2x1d9     1%          1
b - Scorch                Fire           100%       2d10      1%          2
c - Conjure Flame         Conj/Fire      66%        6-21      1%          3
d - Flame Wave            Conj/Fire      66%        2d15      2%          4
e - Mephitic Cloud        Conj/Pois/Air  35%        N/A       2%          3

Your spell library contained the following spells:

 Spells                   Type           Power      Damage    Failure   Level
 Shock                    Conj/Air       100%       1d9       1%          1
 Magic Dart               Conj           100%       1d8       1%          1
 Inner Flame              Hex/Fire       52%        N/A       2%          3
 Call Imp                 Summ           19%        N/A       5%          2
 Summon Cactus Giant      Summ           9%         N/A       99%         6


Dungeon Overview and Level Annotations

Branches:
Dungeon (8/15)             Temple (1/1) D:4          Bailey (visited)
   Lair: D:8-11

Altars:
Cheibriados
Dithmenos
Elyvilon
Fedhas
Kikubaaqudgha
Qazlal
Sif Muna
Trog
Uskayaw
Vehumet
Xom
Zin

Shops:
D:4 =*::*   D:6 (

Annotations:
D:7 2 transporters, Rangus's ghost, novice GnWn


Message History

The orc is engulfed in noxious fumes.
The orc appears confused.
The two-headed ogre is engulfed in noxious fumes.
The orc is engulfed in noxious fumes.
The orc appears confused.
Casting: Scorch (safe; 1% risk of failure)
Confirm with . or Enter, or press ? or * to list all spells.
You feel a surge of power!
Flames lash the two-headed ogre.
The two-headed ogre is burned terribly!
The two-headed ogre is moderately wounded.
The orc is engulfed in noxious fumes.
The orc appears confused.
Casting: Scorch (safe; 1% risk of failure)
Confirm with . or Enter, or press ? or * to list all spells.
You feel a surge of power!
Flames lash the two-headed ogre.
The two-headed ogre is burned terribly!
The two-headed ogre is severely wounded.
You hear a shout!
The orc is engulfed in noxious fumes.
The orc appears confused.
The orc is engulfed in noxious fumes.
The orc appears confused.
An orc comes into view. It is wielding a +0 whip.
Casting: Scorch (safe; 1% risk of failure)
Confirm with . or Enter, or press ? or * to list all spells.
You feel a surge of power!
You conjure some foxfire!
The two-headed ogre seems less confused.
The two-headed ogre hits you with a +0 giant spiked club!!
Ouch! That really hurt!
The two-headed ogre hits you but does no damage.
The foxfire hits the two-headed ogre but does no damage.
The two-headed ogre is heavily wounded.
The foxfire hits the two-headed ogre!
The two-headed ogre is burned terribly!
The two-headed ogre is severely wounded.
You block the two-headed ogre's attack. The two-headed ogre closely misses you.
You climb upwards.
Level annotation: 2 transporters, Rangus's ghost, novice GnWn
There is a stone staircase leading down here.
Casting: Foxfire (safe; 1% risk of failure)
Confirm with . or Enter, or press ? or * to list all spells.
You feel a surge of power!
Flames lash the two-headed ogre.
The two-headed ogre is burned terribly!
The two-headed ogre is almost dead.
The two-headed ogre hits you with a +0 giant spiked club!!
You die...

#########......#.#
#.######.###
........'......#.#
#.##<......#
.########....#.#[#
#.########## ..#
#....#.#)# #.# ..##
#....#...# #.# ...#
#....#...####.# #..#
#....#.#.##...# #..#
######.#....### #[.#
###########@.###
#..###..........O.#
#....####8###8#####
.....'........∩8#
....###8###8########
....##.............#
....############...#
....# #.........# ....#
#.........#############


You could see a two-headed ogre (combustible).

Vanquished Creatures
  A two-headed ogre (Bailey)
  7 spriggans (Bailey)
  2 water moccasins
  An acid dragon (Bailey)
  A sky beast (D:6)
  An ice beast (D:5)
  9 ogres
  2 black bears
  A kobold brigand (D:7)
  2 bullfrogs (D:7)
  A necrophage (D:4)
  4 scorpions
  4 wights (D:6)
  2 howler monkeys
  7 hounds
  2 gnoll boudas
  An orc priest (D:7)
  2 iguanas
  7 adders
  12 gnolls
  2 shadow imps
  A white imp (D:5)
  2 ufetubi
  2 worms
  A dart slug (D:3)
  13 orcs
  11 endoplasms
  4 giant cockroaches
  4 hobgoblins
  3 jackals (D:3)
  4 quokkas
  9 ball pythons
  6 bats
  2 frilled lizards (D:3)
  5 goblins
  13 kobolds
  7 rats
158 creatures vanquished.

Vanquished Creatures (others)
  552 foxfires
552 creatures vanquished.

Grand Total: 710 creatures vanquished

Notes
Turn   | Place    | Note
-------+----------+-------------------------------------------
     0 | D:1      | bnorton916 the Deep Elf Fire Elementalist began the quest
                  | for the Orb.
     0 | D:1      | Reached XP level 1. HP: 10/10 MP: 6/6
   416 | D:1      | Reached XP level 2. HP: 15/15 MP: 5/8
   432 | D:1      | Learned a level 2 spell: Scorch
  1811 | D:2      | Reached XP level 3. HP: 19/19 MP: 2/10
  1914 | D:2      | Found a faded altar of an unknown god.
  2112 | D:2      | Reached skill level 4 in Spellcasting
  2673 | D:3      | Reached XP level 4. HP: 20/24 MP: 3/12
  4399 | D:4      | Noticed a black bear
  4624 | D:4      | Reached skill level 5 in Spellcasting
  4624 | D:4      | Reached XP level 5. HP: 26/28 MP: 8/14
  4657 | D:4      | Learned a level 3 spell: Conjure Flame
  4726 | D:4      | Found a shadowy altar of Dithmenos.
  4730 | D:4      | Found a staircase to the Ecumenical Temple.
  4746 | Temple   | Entered the Ecumenical Temple
  4882 | Temple   | Became a worshipper of Vehumet
  5021 | D:4      | Reached skill level 6 in Spellcasting
  5023 | D:4      | Reached skill level 5 in Fire Magic
  5178 | D:4      | Found Noirom's Book Shoppe.
  5183 | D:4      | Found Enoetroe's General Store.
  5189 | D:4      | Found Byufuff's Book Shop.
  5191 | D:4      | Found Ucsemit's Jewellery Shoppe.
  5191 | D:4      | Found Voimp's Assorted Antiques.
  5232 | D:4      | Bought a scroll of identify for 24 gold pieces
  5241 | D:4      | Bought a glowing cloak for 120 gold pieces
  5407 | D:4      | Noticed an ogre
  5430 | D:4      | Killed an ogre
  5431 | D:4      | Reached XP level 6. HP: 32/32 MP: 8/17
  5837 | D:4      | Reached skill level 1 in Shields
  5837 | D:4      | Reached skill level 7 in Spellcasting
  6347 | D:5      | Entered Level 5 of the Dungeon
  6507 | D:4      | Reached XP level 7. HP: 33/36 MP: 14/20
  7204 | D:4      | Reached skill level 8 in Spellcasting
  8106 | D:4      | Reached skill level 5 in Conjurations
  8378 | D:4      | Learned a level 4 spell: Flame Wave
  9689 | D:5      | Reached skill level 9 in Spellcasting
  9918 | D:5      | Reached XP level 8. HP: 41/41 MP: 18/23
 10230 | D:5      | Reached skill level 1 in Armour
 10705 | D:6      | Reached skill level 10 in Spellcasting
 10943 | D:6      | Found a shimmering blue altar of Sif Muna.
 10974 | D:6      | Found Vaczofrycag's Weapon Shop.
 11327 | D:6      | Learned a level 3 spell: Mephitic Cloud
 11773 | D:6      | Reached skill level 1 in Poison Magic
 11774 | D:6      | Reached skill level 1 in Air Magic
 11954 | D:6      | Reached * piety under Vehumet
 11954 | D:6      | Offered knowledge of Shock by Vehumet.
 11970 | D:6      | Reached skill level 11 in Spellcasting
 12317 | D:6      | Reached XP level 9. HP: 39/45 MP: 20/26
 12470 | D:6      | Found a stormy altar of Qazlal.
 12480 | D:6      | Identified the +9 trident "Ziopemewn" {vorpal, rC++}
 12743 | D:7      | Found a transporter.
 12744 | D:7      | Noticed a moth of wrath
 12841 | D:7      | Found a flagged portal.
 12951 | D:7      | Found a transporter.
 12971 | Bailey   | Entered a bailey
 12985 | Bailey   | Reached skill level 12 in Spellcasting
 13325 | Bailey   | Reached skill level 13 in Spellcasting
 13358 | Bailey   | Noticed a two-headed ogre
 13365 | Bailey   | Killed a two-headed ogre
 13366 | Bailey   | Reached skill level 15 in Spellcasting
 13378 | Bailey   | Reached skill level 16 in Spellcasting
 13634 | Bailey   | Identified the +3 steam dragon scales of Lekeyvo {rElec rF+
                  | rN+ Slay-2}
 13683 | Bailey   | Reached XP level 10. HP: 50/50 MP: 28/32
 14341 | D:7      | Found a bloodstained altar of Trog.
 14341 | D:7      | Noticed Rangus's ghost (novice GnWn)
 14426 | D:7      | Found a hide-covered altar of Uskayaw.
 14941 | D:8      | Noticed a two-headed ogre
 14953 | D:7      | Slain by a two-headed ogre

Illustrated notes

Levels and vault maps discovered:
D:1:      dpeg_arrival_water_temple_mockup, layout_basic, minmay_tetromino_t4
D:2:      layout_basic, nicolae_ecumenical_lake_church
D:3:      minmay_octagon_keep, layout_basic, minmay_misc_feat_rugged
D:4:      layout_loops_corners, kennysheep_little_box,
          minmay_temple_entry_glass, nicolae_wooded_promenade, minmay_distorted
D:5:      layout_rooms, moated_statue
D:6:      layout_rooms, mainiacjoe_overflow_brackets, old_standard_altar,
          serial_shops, nicolae_shop_statue_plus
D:7:      layout_basic, nicolae_uskayaw_dance_hall,
          gammafunk_ghost_wrathful_warriors, enter_bailey_8
D:8:      layout_loops_ring, lemuel_coloured_pillars_altar,
          nicolae_overflow_hallway_of_the_gods, minmay_bent
Temple:   nicolae_temple_colour_theory

Skill      XL: |  1  2  3  4  5  6  7  8  9 10 |
---------------+-------------------------------+-----
Conjurations   | 2 3 4 5 6 |  6.2
Spellcasting   | 4 5 6 7 9 11 16 | 16.8
Fire Magic     | 4 5 6 7 |  7.0
Shields        | 1 2 4 |  4.0
Armour         | 2 4 |  4.0
Poison Magic   | 2 |  2.0
Air Magic      | 2 |  2.0
Dodging        | |  2.4
Stealth        | |  2.4

Action                   |  1- 3 |  4- 6 |  7- 9 | 10-12 || total
-------------------------+-------+-------+-------+-------++-------
 Cast: Foxfire           |   116 |    99 |    95 |    17 ||   327
       Scorch            |     4 |    26 |    63 |    13 ||   106
       Conjure Flame     |       |     2 |     5 |       ||     7
       Mephitic Cloud    |       |       |       |     1 ||     1
  Use: Scroll            |       |       |     9 |       ||     9
Armor: Robe              |     2 |     8 |    16 |       ||    26
       Skin              |       |       |     5 |       ||     5
       Steam dragon scal |       |       |       |     2 ||     2
Dodge: Dodged            |     2 |    55 |    91 |     5 ||   153
Block: Buckler           |       |       |     2 |     2 ||     4
